Map: Emerald City LE

Players

Massa

  • Race: Terran Terran
  • League: Platinum
  • Spawn Location: 5:00

qqq

  • Race: Zerg Zerg
  • League: Platinum
  • Spawn Location: 5:00

Contista - Winner!

  • Race: Terran Terran
  • League: Diamond
  • Spawn Location: 11:00

challiwell - Winner!

  • Race: Zerg Zerg
  • League: Diamond
  • Spawn Location: 11:00

VOD

Have the link to the VOD?

Description

Time

  • Played on: Jan. 14, 2021, 7:35 a.m.
  • Length: 12:01
Show
View Real Time Build Order
Export as new Build Order

Massa Terran 

Build Orders: 2 Factory 

Get SALT Encoding   

  12  0:00  SCV  
  13  0:12  SCV  
  14  0:21  Supply Depot  
  14  0:24  SCV  
  15  0:43  SCV  
  15  0:44  Barracks  
  16  0:51  Refinery  
  16  0:55  SCV  
  17  1:07  SCV  
  18  1:19  SCV  
  19  1:25  Refinery  
  19  1:31  SCV  
  20  1:37  Command Center  
  20  1:40  Reaper  
  21  1:50  Orbital Command  
  21  2:07  Factory  
  21  2:12  Supply Depot  
  21  2:19  SCV  
  22  2:30  Factory  
  22  2:42  SCV  
  23  2:44  Barracks Tech Lab  
  23  2:51  Hellion  
  25  2:54  SCV  
  26  2:59  Orbital Command  
  26  3:06  SCV  
  27  3:14  Barracks Reactor  
  27  3:30  Factory Reactor  
  27  3:31  Hellion  
  29  3:37  Barracks  
  29  3:40  Infernal Pre-Igniter  
  29  3:41  SCV  
  29  3:42  SCV  
  31  3:49  Supply Depot  
  31  3:53  Hellion  
  31  3:54  SCV x2  
  35  4:06  SCV x2, Hellion  
  35  4:07  Hellion  
  41  4:13  Marine x2  
  41  4:14  Hellion  
  45  4:27  Marine  
  45  4:28  Hellion  
  45  4:29  Hellion  
  50  4:35  Hellion  
  52  4:45  Marine x2  
  54  4:57  Supply Depot  
  54  5:05  Barracks Tech Lab  
  54  5:19  Hellion x3  
  56  5:40  Hellion x3  
  55  6:13  Supply Depot  
  55  6:18  Engineering Bay, Supply Depot  
  55  6:19  Supply Depot  
  55  6:23  SCV  
  55  6:24  SCV, Supply Depot  
  55  6:25  Marine x2  
  54  6:28  Marine  
  54  6:35  SCV, Hellion, Siege Tank  
  54  6:37  SCV  
  61  6:42  Marine  
  61  6:43  Marine  
  61  6:45  Stimpack  
  63  6:47  SCV, Marine  
  63  6:49  SCV  
  66  6:59  SCV  
  66  7:01  SCV  
  68  7:02  Marauder  
  68  7:05  Missile Turret  
  70  7:27  SCV x2  
  72  7:30  Marine  
  72  7:31  Marauder, Marine  
  76  7:38  Supply Depot  
  76  7:39  SCV x2  
  78  7:53  Command Center  
  78  7:56  SCV, Marine  
  78  7:59  SCV, Marauder, Marine, Siege Tank  
  73  8:08  SCV  
  73  8:11  SCV  
  65  8:14  Marine  
  66  8:21  SCV  
  66  8:23  SCV  
  68  8:32  Siege Tank  
  71  8:48  Widow Mine x2  
  72  8:59  Missile Turret, Combat Shield  
  72  9:03  Missile Turret  
  72  9:04  Siege Tank  
  72  9:09  Widow Mine x2  
  77  9:13  SCV x2  
  65  9:25  SCV x2  
  65  9:27  Marine  
  65  9:28  Marauder, Marine  
  40  9:45  SCV, Marine x2  
  40  9:46  SCV  
  40  9:47  Barracks  
  40  9:49  Marauder  
  40  9:50  Widow Mine x2, Siege Tank  
  46  9:57  SCV  
  47  10:02  SCV, Barracks  
  47  10:03  Marine x2  
  50  10:10  SCV, Marauder  
  53  10:21  Marine x2  
  55  10:32  Marauder  
  57  10:39  Marine x2  
  57  10:40  Marine  
  56  10:53  Marauder  
  56  10:57  Marine x2  
  58  10:58  Marine  
  58  11:02  Widow Mine x2, Siege Tank  
  68  11:04  Marine  
  69  11:14  Marauder, Marine x2  
  73  11:22  Marine x2  
  73  11:24  Widow Mine  
  77  11:32  Marine x2  
  77  11:36  Marauder  
  77  11:39  Marine  
  82  11:54  Command Center  
Show
View Real Time Build Order
Export as new Build Order

qqq Zerg 

Build Orders: Hatch First 

Get SALT Encoding   

  12  0:02  Drone  
  13  0:09  Drone  
  14  0:26  Overlord  
  14  0:45  Hatchery  
  14  0:49  Drone  
  14  0:52  Extractor  
  14  0:54  Drone  
  14  0:59  Drone  
  15  1:37  Drone, Spawning Pool  
  15  1:38  Drone x2  
  16  1:49  Drone  
  17  1:58  Drone  
  17  2:00  Drone  
  19  2:10  Drone  
  19  2:13  Drone  
  21  2:20  Drone  
  22  2:24  Queen  
  22  2:25  Queen  
  22  2:27  Overlord  
  26  2:31  Metabolic Boost  
  26  2:34  Zergling x2  
  27  2:39  Drone  
  28  2:48  Zergling x2  
  28  2:50  Drone  
  30  2:55  Zergling x2  
  30  2:57  Overlord  
  31  3:00  Lair  
  31  3:02  Zergling x2  
  32  3:10  Overlord  
  32  3:15  Drone  
  32  3:16  Zergling x2  
  34  3:24  Zergling x2  
  34  3:26  Zergling x2  
  36  3:36  Zergling x2  
  36  3:41  Zergling x4  
  39  3:46  Queen  
  41  3:53  Hatchery  
  41  3:54  Zergling x2  
  41  3:55  Zergling x2  
  42  3:57  Drone  
  42  4:00  Overlord  
  43  4:03  Zergling x2  
  43  4:05  Drone  
  43  4:09  Zergling x2  
  46  4:25  Zergling x2  
  46  4:27  Zergling x4  
  47  4:43  Zergling x4  
  47  4:44  Drone x2  
  49  4:55  Zergling x2  
  49  4:56  Zergling x2  
  46  5:04  Drone  
  44  5:19  Zergling x4  
  44  5:20  Drone  
  44  5:21  Drone x2  
  45  5:24  Queen  
  44  5:36  Zergling x6  
  44  5:37  Zergling x2, Spire  
  41  5:45  Drone x2  
  38  5:52  Zergling x2  
  38  5:53  Drone x6  
  39  6:14  Zergling x8  
  39  6:16  Drone x4  
  43  6:25  Drone  
  41  6:35  Queen  
  41  6:39  Drone x2  
  43  6:41  Drone x4  
  43  6:44  Extractor  
  46  6:51  Hatchery  
  45  6:55  Mutalisk  
  45  6:59  Extractor  
  45  7:00  Extractor  
  45  7:02  Spore Crawler  
  45  7:04  Spore Crawler  
  45  7:05  Spore Crawler  
  45  7:06  Drone x2, Spore Crawler  
  44  7:19  Mutalisk x3  
  44  7:20  Mutalisk  
  44  7:21  Drone  
  53  7:24  Hatchery  
  52  7:50  Hatchery  
  47  7:51  Mutalisk  
  47  7:52  Mutalisk  
  47  7:53  Hatchery  
  49  8:06  Mutalisk  
  49  8:07  Zergling x8  
  52  8:23  Mutalisk  
  44  8:42  Drone x7  
  50  8:52  Mutalisk x2  
  50  8:53  Zergling x2  
  52  9:11  Mutalisk x2  
  52  9:13  Zergling x10  
  60  9:21  Mutalisk  
  60  9:22  Drone  
  56  9:33  Mutalisk  
  54  9:40  Drone  
  54  9:41  Drone x5  
  57  9:48  Mutalisk  
  56  9:55  Zergling x4  
  56  9:56  Zergling x2  
  52  10:00  Drone  
  52  10:02  Drone  
  52  10:05  Drone  
  55  10:12  Drone x2  
  55  10:13  Drone  
  58  10:19  Drone  
  59  10:22  Drone x2  
  59  10:28  Drone x2  
  54  10:58  Spire  
  54  10:59  Overlord x3  
  51  11:14  Overlord x5  
  51  11:23  Drone  
  51  11:25  Overlord x2  
  46  11:47  Drone x3  
  46  11:48  Drone x4  
Show
View Real Time Build Order
Export as new Build Order

Contista Terran - Winner!

Build Orders:  

Get SALT Encoding   

  12  0:00  SCV  
  13  0:12  SCV  
  14  0:17  Supply Depot  
  14  0:25  SCV  
  15  0:39  SCV  
  15  0:41  Barracks  
  16  0:47  Refinery  
  16  0:51  SCV  
  17  1:03  SCV  
  18  1:15  SCV  
  19  1:28  Marine  
  19  1:33  Orbital Command  
  19  1:42  Command Center  
  19  1:52  Barracks Reactor  
  19  1:55  Supply Depot  
  19  1:58  SCV  
  20  2:08  Factory  
  20  2:11  SCV  
  21  2:16  Refinery  
  21  2:23  SCV  
  21  2:29  Marine x2  
  24  2:35  Barracks  
  24  2:38  SCV  
  25  2:49  Marine x2  
  25  2:50  SCV  
  28  2:51  Factory Tech Lab  
  28  3:02  Orbital Command  
  28  3:05  SCV  
  29  3:09  Marine x2  
  31  3:18  Factory Reactor  
  31  3:22  Starport  
  31  3:24  SCV  
  32  3:29  Marine  
  32  3:31  Marine  
  32  3:34  Stimpack  
  34  3:36  SCV  
  34  3:39  SCV  
  36  3:48  SCV  
  36  3:52  SCV  
  36  3:53  Supply Depot  
  36  3:54  Marine x2  
  40  3:57  Marine  
  40  4:00  SCV  
  42  4:05  Factory Tech Lab  
  42  4:07  Medivac x2  
  46  4:14  Marine  
  46  4:15  SCV x2  
  49  4:17  Supply Depot  
  49  4:19  Marine x2  
  51  4:29  Barracks  
  51  4:30  SCV x2  
  53  4:36  Marine  
  54  4:39  Siege Tank  
  54  4:42  SCV x2, Supply Depot  
  54  4:45  Marine  
  60  4:53  Marine  
  60  4:57  SCV  
  62  5:04  SCV, Marine x2, Medivac x2  
  69  5:09  Refinery, SCV  
  69  5:10  Refinery  
  70  5:21  Barracks Reactor  
  70  5:23  Combat Shield  
  70  5:32  Supply Depot  
  70  5:33  Engineering Bay x2  
  70  5:46  Marine  
  70  5:53  SCV, Marine x2, Medivac, Siege Tank  
  78  6:01  Terran Infantry Weapons Level 1  
  78  6:03  Supply Depot  
  78  6:07  Supply Depot  
  78  6:11  Terran Infantry Armor Level 1  
  78  6:25  SCV x2, Marine x5  
  85  6:33  Medivac, Siege Tank  
  85  6:37  SCV x2  
  85  6:39  Armory  
  92  6:42  Marine x2  
  92  6:45  Concussive Shells  
  94  6:50  Barracks  
  94  6:51  Barracks  
  94  6:52  Barracks  
  94  6:53  Supply Depot  
  94  7:00  Supply Depot  
  94  7:14  Marine x3  
  94  7:15  SCV x2, Siege Tank  
  102  7:22  Marine x2, Medivac x2  
  108  7:27  SCV x2  
  110  7:30  Terran Vehicle Weapons Level 1  
  110  7:40  Command Center  
  110  7:41  Barracks Reactor  
  110  7:42  Barracks Reactor  
  110  7:49  Marine  
  110  7:54  Barracks Reactor  
  110  7:57  SCV, Marine  
  110  7:58  Marine x2, Supply Depot  
  110  7:59  SCV, Marine  
  110  8:01  Supply Depot  
  110  8:02  Supply Depot  
  110  8:05  Siege Tank  
  110  8:12  Marine  
  110  8:19  Marine x4  
  110  8:20  SCV  
  110  8:22  Supply Depot  
  110  8:26  Marine x4  
  116  8:27  Medivac x2  
  116  8:28  SCV  
  116  8:30  Marine  
  116  8:32  SCV  
  123  8:36  Marine x2  
  123  8:37  Marine x4, Siege Tank  
  123  8:40  SCV  
  118  8:44  Marine x4  
  119  8:48  Marine  
  119  8:50  SCV  
  119  8:52  SCV  
  119  8:54  Marine  
  119  8:55  Marine x2  
  125  8:57  Medivac  
  125  9:02  SCV  
  128  9:04  SCV  
  125  9:14  SCV  
  125  9:15  Terran Infantry Armor Level 2  
  125  9:16  SCV, Terran Infantry Weapons Level 2  
  125  9:17  Marine  
  123  9:27  Marine x2  
  123  9:30  Marine x7  
  129  9:32  SCV  
  129  9:34  SCV  
  124  9:41  Marine x2  
  124  9:43  Medivac  
  127  9:45  Marine x2  
  127  9:51  Marine x3  
  127  9:52  Marine x2  
  131  9:53  SCV x2  
  131  9:59  Orbital Command  
  127  10:00  Marine  
  127  10:05  SCV, Medivac  
  131  10:07  Marine  
  131  10:11  Marine  
  131  10:12  Marine x4  
  131  10:13  Medivac  
  139  10:17  Refinery  
  139  10:23  Marine x3  
  139  10:25  SCV  
  143  10:29  Marine x2  
  143  10:31  Marine x2  
  143  10:34  Marine x3  
  143  10:35  Siege Tank  
  153  10:43  Supply Depot x2  
  153  10:45  Marine x2, Supply Depot  
  155  10:51  Marine x2  
  157  11:05  SCV x2, Marine x9, Medivac x2  
  157  11:07  Siege Tank  
  157  11:08  Refinery  
  157  11:09  Supply Depot x3  
  157  11:10  Supply Depot  
  168  11:23  Marine x8  
  168  11:24  Marine x3  
  178  11:27  SCV x2  
  165  11:40  Marine  
  165  11:41  Marine x8  
  179  11:47  SCV x2  
Show
View Real Time Build Order
Export as new Build Order

challiwell Zerg - Winner!

Build Orders: Hatch First, Lurkers, Roach Hydra 

Get SALT Encoding   

  12  0:00  Drone  
  13  0:13  Overlord  
  13  0:17  Drone  
  14  0:31  Drone x2  
  16  0:39  Drone  
  17  0:45  Drone  
  18  1:00  Drone  
  18  1:01  Hatchery  
  18  1:02  Extractor  
  17  1:08  Drone  
  18  1:18  Drone  
  19  1:29  Drone, Spawning Pool  
  19  1:40  Overlord  
  19  1:50  Drone  
  20  2:00  Drone  
  21  2:11  Drone  
  21  2:14  Drone  
  23  2:16  Queen, Metabolic Boost  
  23  2:17  Queen  
  27  2:24  Zergling x2  
  27  2:26  Drone  
  29  2:35  Drone x2  
  31  2:43  Drone  
  32  2:50  Drone  
  33  2:54  Hatchery  
  33  2:55  Drone, Roach Warren  
  33  2:57  Drone  
  33  3:05  Overlord  
  33  3:13  Drone  
  33  3:17  Overlord  
  33  3:18  Drone  
  35  3:33  Drone x4  
  38  3:35  Extractor, Roach x2  
  38  3:38  Roach  
  43  3:46  Roach  
  45  3:49  Roach  
  45  3:55  Overlord  
  47  4:01  Drone  
  48  4:09  Overlord  
  48  4:11  Queen, Roach x2  
  48  4:12  Drone  
  48  4:13  Drone x4  
  59  4:20  Extractor  
  59  4:23  Lair  
  58  4:24  Evolution Chamber  
  58  4:25  Evolution Chamber  
  58  4:29  Roach x3  
  62  4:39  Overlord  
  62  4:40  Roach x2  
  70  4:52  Roach  
  70  4:53  Roach x3  
  70  4:57  Overlord  
  70  5:04  Roach x2  
  70  5:05  Roach x2  
  70  5:09  Roach  
  70  5:11  Roach  
  72  5:19  Roach x3  
  74  5:22  Overlord  
  74  5:24  Zergling x4  
  76  5:35  Drone x2  
  73  5:36  Roach x2  
  73  5:40  Drone x2  
  80  5:45  Glial Reconstitution  
  80  5:49  Drone x3  
  84  5:50  Drone x2  
  84  5:54  Drone  
  84  5:57  Drone  
  86  6:10  Drone x3  
  89  6:11  Drone  
  89  6:12  Zerg Missile Weapons Level 1  
  89  6:16  Drone x2  
  90  6:21  Zerg Ground Armor Level 1  
  90  6:22  Drone x4  
  93  6:26  Drone x2  
  93  6:27  Drone x2  
  97  6:33  Drone  
  97  6:35  Overlord x2  
  98  6:42  Extractor  
  98  6:43  Extractor  
  96  6:52  Drone x2  
  96  6:53  Overlord x3  
  98  6:55  Hatchery  
  97  7:04  Drone x3  
  97  7:05  Drone x2  
  97  7:06  Overlord x2  
  102  7:09  Drone  
  102  7:12  Extractor  
  102  7:15  Drone x3, Hydralisk Den  
  104  7:16  Overlord x2  
  104  7:17  Drone x2  
  104  7:21  Infestation Pit  
  105  7:24  Overlord  
  105  7:31  Roach x2  
  109  7:45  Roach x3  
  109  7:46  Roach x4  
  109  7:48  Roach  
  118  7:55  Drone x3  
  118  7:56  Drone x2  
  118  7:57  Drone  
  111  8:03  Drone  
  112  8:06  Drone  
  112  8:08  Drone x3  
  112  8:09  Drone x2  
  118  8:15  Grooved Spines  
  118  8:16  Lurker Den  
  118  8:18  Drone x2  
  118  8:19  Drone  
  120  8:22  Drone x2  
  122  8:27  Zerg Missile Weapons Level 2  
  122  8:30  Drone x2  
  122  8:31  Drone  
  125  8:35  Drone  
  125  8:36  Drone  
  125  8:37  Overlord  
  125  8:40  Drone x2  
  129  8:57  Zerg Ground Armor Level 2  
  129  9:00  Roach x4  
  137  9:05  Hive  
  137  9:07  Hatchery  
  136  9:14  Hydralisk x4  
  136  9:15  Hydralisk  
  144  9:17  Hydralisk  
  140  9:25  Hydralisk  
  140  9:26  Hydralisk x4  
  136  9:31  Pneumatized Carapace  
  136  9:32  Hydralisk x3  
  132  9:42  Hydralisk x4  
  132  9:43  Drone  
  132  9:45  Drone x4  
  131  9:46  Drone  
  131  9:48  Extractor  
  131  9:49  Extractor  
  131  9:51  Muscular Augments  
  128  9:57  Hydralisk  
  128  9:58  Hydralisk x4  
  132  10:00  Drone  
  132  10:05  Drone x2  
  136  10:14  Drone x2, Hydralisk x2  
  136  10:15  Hydralisk x3  
  136  10:16  Roach x2  
  136  10:19  Adaptive Talons  
  151  10:28  Hydralisk  
  151  10:29  Roach x3  
  151  10:30  Roach  
  151  10:33  Overlord  
  161  10:39  Roach  
  161  10:49  Roach x3  
  165  10:50  Roach x3  
  165  10:53  Roach x4  
  165  10:54  Overlord x2  
  165  10:55  Ravager  
  177  10:57  Lurker x2  
  177  10:59  Lurker  
  177  11:00  Zergling x2  
  177  11:01  Zergling x10  
  184  11:09  Drone x2  
  184  11:10  Drone x4  
  190  11:14  Lurker x3  
  190  11:18  Hydralisk x2  
  195  11:19  Roach  
  195  11:20  Extractor  
  195  11:23  Extractor  
  197  11:25  Drone  
  197  11:26  Drone x2  
Tags
 
Add a new tag
Caveats
  • Supply blocks, unpowered buildings, or Contaminate may cause inaccurate times.
  • Supply counts are checked every 10 seconds.